 Dungeon Crawl Stone Soup version 0.29.1-12-g30fa7ad0bf (webtiles) character file.

Game seed: 14022207296334517473

6170 cheesebisquit the Severer (level 10, -6/81 (83) HPs)
             Began as a Minotaur Berserker on Dec 30, 2022.
             Was an Elder of Trog.
             Mangled by a seven-headed hydra (10 damage)
             ... on level 9 of the Dungeon.
             The game lasted 00:34:55 (7953 turns).

cheesebisquit the Severer (Minotaur Berserker)      Turns: 7953, Time: 00:34:56

HP:   -6/81 (83)    AC: 19    Str: 25    XL:     10   Next: 60%
MP:   0/9           EV:  9    Int:  4    God:    Trog [****..]
Gold: 464           SH:  0    Dex: 15    Spells: 9/9 levels left

rFire   . . .      SeeInvis .   v - +0 war axe
rCold   . . .      Faith    .   (no shield)
rNeg    . . .      Spirit   +   l - +3 plate armour
rPois   .          Reflect  .   (helmet restricted)
rElec   .          Harm     .   q - +2 cloak of the Black Moon {Dex+4}
rCorr   .          Rampage  .   G - +0 pair of gloves
Will    +++..                   (no boots)
Stlth   ..........              s - amulet of guardian spirit
HPRegen 1.23/turn               o - ring of willpower
MPRegen 0.11/turn               (no ring)

@: mighty, strong-willed, regenerating, lightly drained, very slow
A: horns 2, retaliatory headbutt
a: Renounce Religion, Berserk, Trog's Hand, Brothers in Arms


You were on level 9 of the Dungeon.
You worshipped Trog.
Trog was greatly pleased with you.
You visited 1 branch of the dungeon, and saw 9 of its levels.

You collected 613 gold pieces.
You spent 149 gold pieces at shops.

Inventory:

Hand Weapons
 a - a +2 flail of protection
 b - a +4 sling
 v - a +0 war axe (weapon)
Missiles
 f - 15 poisoned darts (quivered)
Armour
 d - a +0 animal skin
 l - a +3 plate armour (worn)
 q - the +2 cloak of the Black Moon (worn) {Dex+4}
   (You found it on level 3 of the Dungeon)

   Dex:       It affects your dexterity (+4).
 G - a +0 pair of gloves (worn)
Jewellery
 o - a ring of willpower (left hand)
 s - an amulet of guardian spirit (around neck)
 C - the ring of Qejoh {rN+ rCorr AC+4 Str-2 Int+3 Dex+6}
   (You found it on level 7 of the Dungeon)

   [ring of protection]

   AC:        It affects your AC (+4).
   Str:       It affects your strength (-2).
   Int:       It affects your intelligence (+3).
   Dex:       It affects your dexterity (+6).
   rN:        It protects you from negative energy.
   rCorr:     It protects you from acid and corrosion.
Wands
 r - a wand of iceblast (14)
 B - a wand of flame (3)
 F - a wand of light (4)
Scrolls
 g - 4 scrolls of vulnerability
 i - 3 scrolls of immolation
 j - a scroll of torment {unknown}
 k - 2 scrolls of butterflies {unknown}
 p - 5 scrolls of teleportation {unknown}
 t - a scroll of brand weapon {unknown}
 u - a scroll of enchant weapon {unknown}
 w - a scroll of magic mapping {unknown}
 y - 2 scrolls of blinking {unknown}
 D - 4 scrolls of fear {unknown}
 E - a scroll of poison {unknown}
Potions
 c - a potion of might
 e - 3 potions of lignification
 h - 5 potions of curing
 m - a potion of resistance
 n - 3 potions of haste
 x - 3 potions of berserk rage
 z - 2 potions of magic
 A - a potion of invisibility


   Skills:
 + Level 6.0 Fighting
 - Level 17.2 Axes
 + Level 5.3 Armour
 + Level 4.8 Dodging


You had 9 spell levels left.
You didn't know any spells.
Your spell library was empty.

Dungeon Overview and Level Annotations

Branches:
Dungeon (9/15)             Temple (0/1) D:4
   Lair: D:8-11         Orc: D:9-12

Altars:
Hepliaklqana
Kikubaaqudgha
Qazlal
Ru
Zin

Shops:
D:5 ?:(

Annotations:
D:9 3 runed translucent doors, cheesebisquit's ghost, novice MiBe


Innate Abilities, Weirdness & Mutations

You have a pair of horns on your head.
You reflexively headbutt those who attack you in melee.


Message History

The five-headed hydra grows two more!
You slash the seven-headed hydra! You headbutt the seven-headed hydra.
The seven-headed hydra is moderately wounded.
You miss something.
The seven-headed hydra bites you but does no damage.
The seven-headed hydra closely misses you.
The seven-headed hydra bites you. The seven-headed hydra bites you!
The seven-headed hydra bites you but does no damage. x3
Something hits you.
Your skin crawls.
You feel strong-willed. The wight closely misses you.
The seven-headed hydra bites you but does no damage. x2
The seven-headed hydra closely misses you.
The seven-headed hydra bites you!
The seven-headed hydra bites you but does no damage.
The seven-headed hydra closely misses you.
The seven-headed hydra bites you!
You hear some strange, mumbled words.
Okay, then.
You feel very mighty all of a sudden.
The wight hits you from afar with a +4 spear.
You feel drained. The seven-headed hydra bites you!
* * * LOW HITPOINT WARNING * * *
The seven-headed hydra bites you but does no damage.
The seven-headed hydra bites you!
* * * LOW HITPOINT WARNING * * *
The seven-headed hydra barely misses you.
The seven-headed hydra bites you but does no damage. x2
The seven-headed hydra bites you.
* * * LOW HITPOINT WARNING * * *
The wizard mumbles some strange words.
The wizard blinks!
You feel better.
The wight hits you from afar with a +4 spear.
* * * LOW HITPOINT WARNING * * *
The seven-headed hydra bites you!
* * * LOW HITPOINT WARNING * * *
The seven-headed hydra bites you!
You die...

.......#♣♣.♣♣ ♣♣.♣♣
#.......
.......#♣...♣#♣...♣#♣.♣
#.......
.......#....†........♣
#.######
.......#♣...♣#♣...♣#♣.♣
#....... .......#♣♣.♣♣
♣♣.♣♣ #....... .......#
♣.♣ #.# #.######
.#####.#♣♣.♣♣ ♣♣.♣♣ #.#
.# ##.#♣.≈.♣#♣.~.♣# #.#
.# #..#.≈≈≈.#p~@~.#
#.######
.####..#.≈≈≈.#♣.~D♣#
#.......
.......#.≈≈≈.#♣♣z♣♣
#....... ######)#.≈~≈.#
.#B #.###### #))♣~≈~♣#
~ ~ ♣...# # #...≈~≈.#.~
~. .≈....# #
#..♣~≈~♣#!~
~:#.♣.♣...######
..#.≈~≈.#♣. .♣# ♣
♣.#..>.... #..#.≈≈≈.#
♣.#.###...


You could see a boulder beetle, a seven-headed hydra, a wizard and a wight.

Vanquished Creatures
  Erolcha (D:9)
  A two-headed ogre (D:9)
  Psyche (D:9)
  A vampire (D:9)
  3 water moccasins
  3 orc warriors
  3 sky beasts
  4 black bears
  An ice beast (D:3)
  2 ogres
  4 centaurs
  2 phantoms
  A kobold brigand (D:7)
  A gnoll sergeant (D:5)
  2 scorpions
  7 bullfrogs
  3 necrophages
  7 killer bees (D:9)
  3 howler monkeys
  5 jellies
  5 orc priests
  9 hounds
  Ijyb (D:3)
  Terence (D:3)
  5 iguanas
  10 orc wizards
  15 gnolls
  7 adders
  A shadow imp (D:5)
  A white imp (D:7)
  2 worms (D:2)
  4 dart slugs
  22 orcs
  5 bats
  9 endoplasms
  A giant cockroach (D:2)
  6 hobgoblins
  9 jackals
  4 ball pythons
  2 frilled lizards
  7 goblins
  8 kobolds
  6 rats
195 creatures vanquished.

Vanquished Creatures (others)
  2 fungi (D:9)
  2 plants (D:9)
4 creatures vanquished.

Grand Total: 199 creatures vanquished

Notes
Turn   | Place    | Note
-------+----------+-------------------------------------------
     0 | D:1      | cheesebisquit the Minotaur Berserker began the quest for
                  | the Orb.
     0 | D:1      | Reached XP level 1. HP: 19/19 MP: 0/0
   163 | D:1      | Reached XP level 2. HP: 14/27 MP: 1/1
   427 | D:1      | Reached skill level 4 in Axes
  1022 | D:2      | Reached XP level 3. HP: 32/33 MP: 2/2
  1250 | D:2      | Reached ** piety under Trog
  1251 | D:2      | Reached skill level 5 in Axes
  1314 | D:2      | Found a glowing silver altar of Zin.
  1594 | D:2      | Reached XP level 4. HP: 31/40 MP: 3/3
  2061 | D:3      | Noticed an ice beast
  2069 | D:3      | Killed an ice beast
  2070 | D:3      | Reached skill level 7 in Axes
  2070 | D:3      | Reached XP level 5. HP: 46/46 MP: 4/4
  2126 | D:3      | Identified the +2 cloak of the Black Moon {Dex+4}
  2202 | D:3      | Noticed Ijyb
  2216 | D:3      | Killed Ijyb
  2345 | D:3      | Noticed Terence
  2358 | D:3      | Killed Terence
  2528 | D:3      | Noticed an ogre
  2530 | D:3      | Noticed a phantom
  2535 | D:3      | Killed an ogre
  2536 | D:3      | Reached skill level 8 in Axes
  2536 | D:3      | Reached XP level 6. HP: 36/52 MP: 3/5
  2544 | D:3      | Found a faded altar of an unknown god.
  2738 | D:4      | Found a staircase to the Ecumenical Temple.
  2765 | D:4      | Found a sacrificial altar of Ru.
  2816 | D:4      | Reached skill level 9 in Axes
  2924 | D:4      | Reached XP level 7. HP: 40/58 MP: 3/6
  3031 | D:4      | Found a hazy altar of Hepliaklqana.
  3378 | D:4      | Found an ancient bone altar of Kikubaaqudgha.
  3442 | D:5      | Entered Level 5 of the Dungeon
  3442 | D:5      | Found Xyis Kul's Antique Weapon Shoppe.
  3458 | D:5      | Reached skill level 10 in Axes
  3563 | D:5      | Reached skill level 11 in Axes
  3749 | D:5      | Reached XP level 8. HP: 57/66 MP: 5/7
  3863 | D:5      | Reached skill level 12 in Axes
  3924 | D:5      | Found Vene's Magic Scroll Emporium.
  3928 | D:5      | Bought a scroll of identify for 26 gold pieces
  3928 | D:5      | Bought a scroll of identify for 26 gold pieces
  3928 | D:5      | Bought a scroll of enchant armour for 97 gold pieces
  3991 | D:5      | Found Kunnuggi's Book Shoppe.
  4152 | D:5      | Reached *** piety under Trog
  4536 | D:5      | Reached skill level 13 in Axes
  4683 | D:6      | HP: 3/66 [orc warrior/+0 halberd (11)]
  4911 | D:6      | Reached skill level 14 in Axes
  4918 | D:6      | Reached XP level 9. HP: 47/71 MP: 5/8
  5622 | D:7      | Reached skill level 15 in Axes
  5957 | D:7      | Identified the ring of Qejoh {rN+ rCorr AC+4 Str-2 Int+3
                  | Dex+6}
  6340 | D:8      | Found a stormy altar of Qazlal.
  6425 | D:8      | Reached skill level 16 in Axes
  7027 | D:9      | Noticed Erolcha
  7041 | D:9      | Killed Erolcha
  7042 | D:9      | Reached skill level 17 in Axes
  7042 | D:9      | Reached XP level 10. HP: 50/78 MP: 5/9
  7104 | D:9      | Noticed a two-headed ogre
  7117 | D:9      | Killed a two-headed ogre
  7214 | D:9      | Found a runed translucent gate.
  7215 | D:9      | Found a runed translucent gate.
  7216 | D:9      | Found a runed translucent gate.
  7220 | D:9      | Noticed cheesebisquit's ghost (novice MiBe)
  7333 | D:9      | Reached skill level 5 in Fighting
  7488 | D:9      | Noticed Psyche
  7500 | D:9      | Killed Psyche
  7716 | D:9      | Reached skill level 5 in Armour
  7883 | D:9      | Reached **** piety under Trog
  7929 | D:9      | Noticed a boulder beetle
  7932 | D:9      | Noticed a wizard
  7933 | D:9      | Identified the ring "Othruk" {rElec rPois rN+ Will+ Int-3}
  7933 | D:9      | Noticed a wizard
  7937 | D:9      | Noticed a four-headed hydra
  7953 | D:9      | HP: 4/81 [seven-headed hydra (7)]
  7953 | D:9      | Mangled by a seven-headed hydra

Illustrated notes

Levels and vault maps discovered:
D:1:      tarquinn_simple_flora_water_a, layout_basic, minmay_distorted
D:2:      layout_basic, basic_altar, grunt_ministairs_4, patterned_corridor
D:3:      layout_rooms, hellmonk_ecumenical_altar_arch_garden, uniq_ijyb,
          uniq_terence
D:4:      layout_rooms, old_standard_altar, kiku_gazebo_garden_becter,
          nicolae_ru_sacrificial_ziggurat, minmay_temple_entry_from_below_b
D:5:      layout_cave_pools, serial_gnoll_camp, gnoll_camp_mini_loothouse,
          gnoll_camp_mini_shop, gnoll_camp_mini_house, gnoll_camp_mini_doghouse,
          gnoll_camp_mini_shop, serial_shops, shop
D:6:      layout_loops_ring
D:7:      layout_cave_pools
D:8:      layout_basic, grunt_qazlal_clouds, chequers_serial_rivers_micro_e
D:9:      nzn_winding_woodlands_medium [nzn_winding_woodlands_5x5_closed_star,
          nzn_winding_woodlands_5x15_eye, nzn_winding_woodlands_5x5_default,
          nzn_winding_woodlands_5x5_default,
          nzn_winding_woodlands_center_triple_pond,
          nzn_winding_woodlands_hourglass, nzn_winding_woodlands_5x5_default,
          nzn_winding_woodlands_5x15_river_crossing,
          nzn_winding_woodlands_5x5_checkerboard], layout_long_grid,
          gammafunk_ghost_nasty_kobolds, uniq_psyche, uniq_erolcha

Skill      XL: |  1  2  3  4  5  6  7  8  9 10 |
---------------+-------------------------------+-----
Axes           | 4 5 7 8 9 11 14 17 | 17.2
Fighting       | 6 |  6.0
Armour         | 5 |  5.3
Dodging        | 4 |  4.8

Action                   |  1- 3 |  4- 6 |  7- 9 | 10-12 || total
-------------------------+-------+-------+-------+-------++-------
Melee: Hand axe          |    84 |   106 |   162 |       ||   352
       Headbutt          |    13 |    14 |    64 |    14 ||   105
       Punch             |       |     2 |     4 |     1 ||     7
       War axe           |       |       |   115 |    88 ||   203
Throw: Dart              |     6 |       |       |       ||     6
Invok: Trog's Hand       |       |     3 |     7 |     4 ||    14
       Berserk           |       |     2 |     5 |     3 ||    10
  Use: Scroll            |       |     5 |    13 |       ||    18
       Potion            |       |       |     1 |     2 ||     3
Armor: Animal skin       |    17 |       |       |       ||    17
       Plate armour      |    16 |    50 |   166 |    81 ||   313
Dodge: Dodged            |    51 |    33 |    86 |    40 ||   210
